 Dungeon Crawl Stone Soup version 0.28.0-53-g5a82cb258f (console) character file.

Game seed: 15250412196699751664

100 Banquo the Chopper (level 4, -3/28 HPs)
             Began as a Gargoyle Fighter on Aug 1, 2022.
             Slain by Natasha (6 damage)
             ... on level 2 of the Dungeon.
             The game lasted 00:03:08 (1762 turns).

Banquo the Chopper (Gargoyle Fighter)               Turns: 1762, Time: 00:03:09

Health: -3/28      AC: 11    Str: 20    XL:     4   Next: 74%
Magic:  4/4        EV:  9    Int:  8    God:
Gold:   70         SH:  4    Dex: 11    Spells: 3/3 levels left

rFire   . . .      SeeInvis .   a - +0 war axe
rCold   . . .      Faith    .   c - +0 buckler
rNeg    + . .      Spirit   .   b - +0 scale mail
rPois   ∞          Reflect  .   (no helmet)
rElec   +          Harm     .   (no cloak)
rCorr   .          Rampage  .   g - +0 pair of gloves
Will    .....                   (no boots)
Stlth   ..........              (no amulet)
HPRegen 0.09/turn               (no ring)
MPRegen 0.09/turn               (no ring)

@: mighty, brilliant, slowed, very slow
A: sickness immunity, AC +3, negative energy resistance 1, electricity
resistance, torment resistance 1, petrification resistance
a: no special abilities


You were on level 2 of the Dungeon.
You visited 1 branch of the dungeon, and saw 2 of its levels.

You collected 70 gold pieces.

Inventory:

Hand Weapons
 a - a +0 war axe (weapon)
Missiles
 h - 52 stones (quivered)
Armour
 b - a +0 scale mail (worn)
 c - a +0 buckler (worn)
 g - a +0 pair of gloves (worn)
Scrolls
 f - a scroll of teleportation {unknown}


   Skills:
 - Level 3.2 Fighting
 + Level 4.3 Axes
 - Level 3.2 Armour
 - Level 3.2 Shields


You had 3 spell levels left.
You didn't know any spells.
Your spell library was empty.

Dungeon Overview and Level Annotations

Branches:
Dungeon (2/15)

Altars:
Kikubaaqudgha

Annotations:
D:1 gold/fire
D:2 Natasha


Innate Abilities, Weirdness & Mutations

You are immune to sickness and miasma.
Your stone body is resilient. (AC +3)
You are immune to poison.
You resist negative energy. (rN+)
You are resistant to electric shocks. (rElec)
You are resistant to unholy torment.
You are immune to petrification.


Message History

You closely miss Natasha. Natasha claws you!
You hit Natasha but do no damage.
Natasha stares at you and mumbles some strange words.
The magic dart hits you!
* * * LOW HITPOINT WARNING * * *
You block Natasha's attack.
You closely miss Natasha. Natasha claws you.
* * * LOW HITPOINT WARNING * * *
You miss Natasha. Natasha claws you but does no damage.
You hit Natasha.
Natasha is lightly wounded.
Natasha wildly gestures.
Natasha shimmers violently.
Natasha casts a spell.
You block Natasha's attack.
You miss Natasha.
Natasha is lightly wounded.
You closely miss the crimson imp. Natasha claws you but does no damage.
The crimson imp hits you but does no damage.
You slash Natasha!
Natasha is heavily wounded.
You barely miss the crimson imp.
Natasha stares at you and mumbles some strange words.
You feel yourself slow down. You block the crimson imp's attack.
It was a potion of brilliance.
You feel clever all of a sudden. Natasha barely misses you.
The crimson imp hits you.
* * * LOW HITPOINT WARNING * * *
You block Natasha's attack. The crimson imp closely misses you.
You feel very mighty all of a sudden. Natasha misses you.
You block the crimson imp's attack.
You closely miss Natasha.
Natasha is heavily wounded.
You miss the crimson imp. Natasha claws you but does no damage.
The crimson imp blinks!
Natasha casts a spell.
You barely miss Natasha.
Natasha is heavily wounded.
You closely miss the crimson imp. Natasha claws you.
You die...

......h.....#.........###.#####.#
###.........#.######### #..#.....
#.........### #..######
####........# #..#
...........h####### #..#
##......##.......# #..######
#.._..#########.# #....†...
#.....# #####h# ###.####. #.....#
#...@5# #.# #. #######
#...5.##### #.## #.
####.....#...#####..###.
#.......................
####....##...######..#..
#....##...# #####.#.. #....##..)#
#.....#.. #....##...# #........
#######...# #.....†..


You could see Natasha and 2 crimson imps.

Vanquished Creatures
  Natasha (D:2)
  4 adders (D:2)
  A dart slug (D:1)
  5 ball pythons (D:1)
  5 endoplasms
  2 goblins (D:1)
  5 hobgoblins
  2 quokkas
  3 bats
  A frilled lizard (D:1)
  4 kobolds
  5 rats
38 creatures vanquished.

Notes
Turn   | Place    | Note
-------+----------+-------------------------------------------
     0 | D:1      | Banquo the Gargoyle Fighter began the quest for the Orb.
     0 | D:1      | Reached XP level 1. HP: 14/14 MP: 1/1
    24 | D:1      | Reached skill level 2 in Axes
   293 | D:1      | Reached XP level 2. HP: 8/19 MP: 2/2
   728 | D:1      | Found a faded altar of an unknown god.
   774 | D:1      | Reached skill level 3 in Axes
   937 | D:1      | Reached XP level 3. HP: 23/23 MP: 3/3
  1376 | D:2      | Reached XP level 4. HP: 23/28 MP: 4/4
  1565 | D:2      | Noticed Natasha
  1569 | D:2      | Killed Natasha
  1570 | D:2      | Reached skill level 4 in Axes
  1728 | D:2      | Found an ancient bone altar of Kikubaaqudgha.
  1732 | D:2      | Noticed Natasha
  1762 | D:2      | Slain by Natasha

Illustrated notes

Levels and vault maps discovered:
D:1:      elethiomel_arrival_quiet, layout_loops_corners,
          hellmonk_ecumenical_altar_arch_garden, eino_curves_02,
          hangedman_feature_mirror, lemuel_flame_loot_1
D:2:      layout_basic, basic_altar, uniq_natasha

Skill      XL: |  1  2  3  4 |
---------------+-------------+-----
Axes           | 2 3 4 |  4.3
Fighting       | |  3.2
Armour         | |  3.2
Shields        | |  3.2

Action                   |  1- 3 |  4- 6 || total
-------------------------+-------+-------++-------
Melee: War axe           |    81 |    29 ||   110
  Use: Potion            |       |     2 ||     2
Armor: Scale mail        |    38 |     7 ||    45
Dodge: Dodged            |    29 |     9 ||    38
Block: Buckler           |    18 |    11 ||    29
